 Dungeon Crawl Stone Soup version 0.29-a0-565-g7a16c6de65 (webtiles) character file.

Game seed: 2324367165385901469

86 Lekart the Skirmisher (level 4, -5/40 HPs)
             Began as a Draconian Chaos Knight on June 12, 2022.
             Was a Plaything of Xom.
             Slain by an ice beast (8 damage)
             ... on level 3 of the Dungeon.
             The game lasted 00:01:37 (1452 turns).

Lekart the Skirmisher (Draconian Chaos Knight)      Turns: 1452, Time: 00:01:38

Health: -5/40      AC:  5    Str: 16    XL:     4   Next: 27%
Magic:  4/4        EV: 12    Int: 13    God:    Xom [..*...]
Gold:   145        SH:  0    Dex: 10    Spells: 3/3 levels left

rFire   . . .      SeeInvis .   a - +0 hand axe (chaos)
rCold   . . .      Faith    .   (no shield)
rNeg    . . .      Spirit   .   (body armour unavailable)
rPois   .          Reflect  .   (helmet restricted)
rElec   .          Harm     .   (no cloak)
rCorr   .          Rampage  .   (no gloves)
Will    .....                   (no boots)
Stlth   +.........              (no amulet)
HPRegen 0.13/turn               (no ring)
MPRegen 0.09/turn               (no ring)

@: mighty, lethally poisoned (-5 -> -8), slowed, very slow
A: AC +5, unfitting armour, cold-blooded
a: Renounce Religion


You were on level 3 of the Dungeon.
You worshipped Xom.
You were a toy of Xom.
You visited 1 branch of the dungeon, and saw 3 of its levels.

You collected 145 gold pieces.

Inventory:

Hand Weapons
 a - a +0 hand axe of chaos (weapon)
Armour
 i - a +1 cloak
Scrolls
 c - a scroll of poison {unknown}
 h - 3 scrolls of teleportation
Miscellaneous
 b - a piece from Xom's chessboard (15/15) (quivered)


   Skills:
 + Level 4.0 Fighting
 + Level 3.9 Axes
 * Level 3.1 Dodging


You had 3 spell levels left.
You didn't know any spells.
Your spell library contained the following spells:

 Spells                   Type           Power      Damage    Failure   Level
 Freeze                   Ice            0%         1d3       30%         1
 Frozen Ramparts          Ice            0%         1d2       67%         3
 Hailstorm                Conj/Ice       0%         3d3       97%         4


Dungeon Overview and Level Annotations

Branches:
Dungeon (3/15)

Altars:


Innate Abilities, Weirdness & Mutations

Your plain brown scales are hard. (AC +5)
You cannot fit into any form of body armour.
You are cold-blooded and may be slowed by cold attacks.


Message History

You feel sick. The adder bites you.
You are more poisoned.
The adder poisons you!
You barely miss the ice beast.
The ice beast is moderately wounded.
You hit the adder. You freeze the adder.
You feel sick. The adder bites you.
You are more poisoned.
The adder poisons you! The ice beast closely misses you.
The adder closely misses you.
You hit the adder but do no damage.
The adder is almost dead.
You hit the ice beast.
You feel very sick. The adder bites you.
The ice beast hits you but does no damage.
You are too injured to fight recklessly!
You are too injured to fight recklessly!
You are too injured to fight recklessly!
Okay, then.
You feel very mighty all of a sudden.
You feel sick. The adder bites you but does no damage. The ice beast hits you.
The ice beast freezes you.
You feel yourself slow down.
* * * LOW HITPOINT WARNING * * *
Press: ? - help, v - describe, . - travel
Here: an ice beast (heavily wounded)
The floor.
You barely miss the ice beast.
The ice beast is heavily wounded.
You slash the adder!
You feel better.
You kill the adder!
You feel very sick. The ice beast closely misses you.
The ice beast completely misses you.
You barely miss the ice beast.
The ice beast is heavily wounded.
You feel yourself speed up.
You feel sick. The ice beast hits you.
* * * LOW HITPOINT WARNING * * *
The ice beast freezes you!
You feel yourself slow down.
You die...
Xom bursts into laughter!

..# ........##..##### #
.. ........###.### ####
####....####...#####...
.....................>
#.................###.#
##.##..................#
.....................#..
..)...††................
..?...Y@........#####...
..........##...## ###.
..........###### #...
..........# #.##
.?........# #.#
.[........# #.#
.........## #.##
..#.....## #.## #.#.


You could see an ice beast.

Vanquished Creatures
  6 adders
  2 dart slugs (D:3)
  4 ball pythons
  3 endoplasms
  2 goblins
  2 hobgoblins (D:2)
  3 jackals (D:2)
  A quokka (D:1)
  2 bats
  A kobold (D:2)
  3 rats
29 creatures vanquished.

Notes
Turn   | Place    | Note
-------+----------+-------------------------------------------
     0 | D:1      | Lekart the Draconian Chaos Knight began the quest for the
                  | Orb.
     0 | D:1      | Reached XP level 1. HP: 19/19 MP: 1/1
   115 | D:1      | XOM: divination: detect creatures
   116 | D:1      | Noticed a glowing shapeshifter
   116 | D:1      | a ball python changed into a glowing shapeshifter
   116 | D:1      | Noticed a deep troll
   116 | D:1      | a glowing shapeshifter changed into a deep troll
   117 | D:1      | Noticed a slime creature
   117 | D:1      | a deep troll changed into a slime creature
   122 | D:1      | XOM: potion effect (heal wounds)
   124 | D:1      | Noticed an orb spider
   124 | D:1      | a slime creature changed into an orb spider
   125 | D:1      | Noticed an elephant
   125 | D:1      | an orb spider changed into an elephant
   138 | D:1      | Noticed a lindwurm
   138 | D:1      | an elephant changed into a lindwurm
   139 | D:1      | Noticed a swamp dragon
   139 | D:1      | a lindwurm changed into a swamp dragon
   140 | D:1      | Noticed a tarantella
   140 | D:1      | a swamp dragon changed into a tarantella
   150 | D:2      | Reached XP level 2. HP: 26/26 MP: 2/2
   209 | D:2      | XOM: silly message
   228 | D:2      | XOM: divination: detect creatures
   606 | D:2      | XOM: silly message
   859 | D:3      | Reached XP level 3. HP: 29/33 MP: 3/3
   965 | D:3      | XOM: cloud trail
  1332 | D:3      | XOM: silly message
  1436 | D:3      | Noticed an ice beast
  1447 | D:3      | Reached skill level 4 in Fighting
  1447 | D:3      | Reached XP level 4. HP: 31/40 MP: 4/4
  1452 | D:3      | Slain by an ice beast

Illustrated notes

Levels and vault maps discovered:
D:1:      lightli_arrival_statuegarden, layout_basic, serial_shops,
          nicolae_shop_statue_plus, shapermc_ecumenical_altar_flowoftime,
          moated_statue, minmay_tetromino_i4
D:2:      layout_rooms
D:3:      layout_rooms, nemelex_spade_bored_becter, uniq_grinder

Skill      XL: |  1  2  3 |
---------------+----------+-----
Fighting       | 4 |  4.0
Dodging        | 3 |  3.1
Axes           | |  3.9

Action                   |  1- 3 |  4- 6 || total
-------------------------+-------+-------++-------
Melee: Hand axe          |    86 |     5 ||    91
       Tailslap          |     8 |       ||     8
       Punch             |     1 |       ||     1
  Use: Scroll            |     6 |       ||     6
       Potion            |       |     1 ||     1
Armor: Skin              |    33 |     2 ||    35
Dodge: Dodged            |    72 |     4 ||    76

Table legend: (Time is in decaauts)
 A = Elapsed time spent in this place.
 B = Non-inter-level travel time spent in this place.
 C = Inter-level travel time spent in this place.
 D = Time resting spent in this place.
 E = Time spent auto-exploring this place.
 F = Levels seen in this place.
 G = Mean time per level.
                   A        B        C        D        E       F      G
               +--------+--------+--------+--------+--------+-----+--------+
         Total |   1469 |   1447 |     22 |      0 |   1202 |   3 |  489.7 |
       Dungeon |   1469 |   1447 |     22 |      0 |   1202 |   3 |  489.7 |
               +--------+--------+--------+--------+--------+-----+--------+

Top non-repeatable levels by time:
     D:2: 713 daAuts
     D:3: 612 daAuts
     D:1: 142 daAuts
